Map: Eastwatch LE

Players

ElYorugua

  • Race: Protoss Protoss
  • League: Gold
  • Spawn Location: 1:00

MrCrowley - Winner!

  • Race: Zerg Zerg
  • League: Silver
  • Spawn Location: 7:00

VOD

Have the link to the VOD?

Description

Time

  • Played on: April 6, 2018, 11:48 p.m.
  • Length: 14:18
Show
View Real Time Build Order
Export as new Build Order

ElYorugua Protoss 

Build Orders:  

Get SALT Encoding   

  12  0:01  Probe  
  13  0:13  Probe  
  14  0:22  Pylon  
  14  0:25  Probe  
  15  0:40  Probe  
  16  0:43  Gateway  
  16  0:48  Pylon  
  16  0:52  Probe  
  17  1:02  Pylon  
  17  1:08  Probe  
  17  1:09  Assimilator  
  18  1:15  Assimilator  
  18  1:20  Probe  
  19  1:30  Zealot  
  21  1:32  Probe  
  22  1:40  Cybernetics Core  
  22  1:45  Probe  
  23  1:54  Forge  
  23  1:57  Probe  
  23  1:58  Zealot  
  26  2:15  Gateway  
  26  2:19  Gateway  
  26  2:23  Warp Gate (Chrono Boost)  
  26  2:26  Gateway  
  26  2:31  Probe  
  26  2:35  Zealot  
  29  2:43  Probe  
  30  2:50  Photon Cannon  
  30  2:55  Probe  
  31  2:59  Photon Cannon  
  31  3:07  Pylon  
  31  3:09  Probe  
  32  3:19  Stalker  
  34  3:21  Probe  
  35  3:27  Stargate  
  35  3:33  Probe  
  36  3:36  Stalker  
  38  3:43  Stalker  
  38  3:46  Probe  
  41  3:59  Zealot  
  43  4:09  Stargate  
  43  4:18  Pylon  
  43  4:38  Photon Cannon  
  43  4:46  Zealot x2  
  43  4:47  Zealot  
  49  4:57  Twilight Council  
  49  5:15  Pylon x2  
  49  5:18  Pylon  
  49  5:22  Pylon  
  49  5:24  Pylon  
  49  5:37  Nexus  
  49  5:40  Pylon  
  49  5:44  Stalker, Pylon  
  51  5:59  Void Ray  
  51  6:03  Probe  
  56  6:16  Probe  
  57  6:18  Photon Cannon  
  57  6:28  Probe  
  57  6:31  Void Ray  
  62  6:38  Zealot  
  64  6:44  Zealot  
  66  6:51  Probe  
  67  7:03  Probe  
  67  7:05  Void Ray  
  72  7:15  Probe  
  73  7:23  Void Ray  
  73  7:28  Assimilator  
  77  7:30  Assimilator  
  77  7:31  Probe  
  78  7:39  Zealot  
  78  7:40  Zealot  
  78  7:43  Probe  
  83  7:44  Zealot  
  83  7:49  Protoss Ground Weapons Level 1  
  85  7:54  Protoss Air Weapons Level 1  
  85  8:00  Probe  
  86  8:07  Void Ray  
  86  8:12  Probe  
  91  8:17  Void Ray  
  95  8:32  Robotics Facility  
  71  9:06  Void Ray x2  
  79  9:13  Probe  
  80  9:19  Observer  
  81  9:38  Nexus  
  81  9:46  Void Ray x2 (Chrono Boost)  
  81  9:49  Protoss Air Armor Level 1, Protoss Ground Armor Level 1  
  89  10:20  Observer  
  90  10:21  Void Ray x2  
  98  10:29  Pylon  
  98  10:32  Pylon  
  98  10:36  Pylon  
  98  10:40  Pylon  
  98  10:51  Photon Cannon  
  98  10:54  Photon Cannon  
  98  11:00  Photon Cannon  
  98  11:04  Void Ray x2  
  98  11:09  Photon Cannon  
  106  11:28  Assimilator  
  106  11:31  Probe  
  106  11:32  Assimilator  
  107  11:43  Probe  
  108  11:47  Void Ray x2  
  116  11:56  Probe  
  116  11:57  Fleet Beacon  
  117  12:08  Probe  
  118  12:17  Photon Cannon  
  118  12:20  Probe  
  119  12:30  Void Ray x2  
  119  12:31  Pylon  
  119  12:34  Pylon  
  127  12:38  Pylon  
  59  13:05  Zealot  
  59  13:06  Zealot x2  
  53  13:12  Void Ray  
  53  13:18  Void Ray  
  47  13:26  Zealot x2  
  51  13:27  Zealot  
  33  13:48  Zealot  
  33  13:49  Zealot x2  
Show
View Real Time Build Order
Export as new Build Order

MrCrowley Zerg - Winner!

Build Orders: Pool First 

Get SALT Encoding   

  12  0:02  Drone  
  13  0:12  Drone  
  14  0:21  Overlord  
  14  0:31  Extractor  
  14  0:32  Drone  
  14  0:43  Spawning Pool  
  14  0:46  Drone  
  15  0:50  Drone  
  15  0:56  Drone  
  16  1:01  Drone  
  17  1:08  Drone  
  18  1:19  Drone  
  19  1:30  Drone  
  19  1:31  Queen  
  22  1:37  Metabolic Boost  
  22  1:42  Overlord  
  22  1:56  Extractor  
  22  1:57  Overlord  
  21  2:04  Drone  
  22  2:13  Lair  
  22  2:20  Drone  
  23  2:30  Roach Warren  
  23  2:33  Drone  
  23  2:45  Hatchery  
  23  2:50  Drone x2  
  24  2:59  Overlord  
  24  3:07  Drone x2  
  26  3:17  Drone  
  26  3:19  Hydralisk Den  
  26  3:30  Roach  
  28  3:36  Overlord  
  28  3:45  Queen  
  30  3:52  Hydralisk  
  32  4:01  Muscular Augments  
  32  4:03  Hydralisk x2  
  36  4:17  Hydralisk x2  
  36  4:21  Overlord  
  40  4:31  Hydralisk  
  40  4:32  Evolution Chamber  
  40  4:36  Drone  
  42  4:41  Drone x2  
  42  4:45  Drone  
  45  4:51  Drone  
  46  4:54  Drone  
  47  5:12  Overlord  
  47  5:14  Overlord  
  47  5:25  Hydralisk  
  47  5:26  Hydralisk x3  
  55  5:32  Hydralisk  
  57  5:50  Hydralisk x3  
  57  5:56  Drone x2  
  65  6:14  Zerg Missile Weapons Level 1  
  65  6:22  Hydralisk x4  
  65  6:25  Overlord  
  73  6:33  Overlord  
  73  6:45  Drone x3  
  76  6:49  Overlord  
  76  6:53  Overlord  
  76  6:57  Hydralisk x4  
  84  7:01  Overlord  
  84  7:15  Drone x3  
  87  7:22  Hatchery  
  86  7:25  Extractor  
  86  7:26  Extractor, Drone x2  
  86  7:39  Grooved Spines  
  86  7:46  Hydralisk x2  
  90  8:03  Hydralisk x2  
  94  8:08  Zerg Ground Armor Level 1  
  94  8:09  Drone x3  
  97  8:23  Drone  
  97  8:24  Drone x2  
  97  8:25  Hydralisk  
  70  9:09  Hydralisk x3  
  64  9:10  Hydralisk x3  
  76  9:27  Hydralisk x2  
  80  9:36  Queen  
  82  9:39  Hydralisk x5  
  92  9:51  Hydralisk x2  
  92  9:52  Hydralisk  
  98  9:55  Hydralisk x2  
  102  10:18  Drone x2  
  102  10:19  Drone  
  105  10:27  Overlord x2  
  105  10:31  Drone  
  106  10:36  Overlord  
  106  10:37  Overlord  
  106  10:42  Overlord  
  106  10:56  Overlord  
  106  10:58  Hydralisk x4  
  106  10:59  Hydralisk x7  
  128  11:04  Zerg Missile Weapons Level 2  
  128  11:08  Hydralisk  
  130  11:19  Extractor  
  130  11:21  Extractor, Drone x4  
  132  11:34  Hydralisk  
  132  11:35  Hydralisk x3  
  132  11:39  Hydralisk x2  
  142  11:42  Overlord  
  144  11:58  Hydralisk x3  
  150  12:02  Overlord  
  150  12:05  Overlord x2  
  150  12:17  Hydralisk x3  
  156  12:26  Hydralisk x3  
  156  12:27  Hydralisk x2  
  156  12:29  Overlord  
  166  12:30  Overlord x2  
  166  12:44  Hydralisk x4  
  116  13:14  Hydralisk  
  116  13:15  Hydralisk x6  
  106  13:46  Hydralisk x5  
  106  13:47  Hydralisk x2  
Tags
 
Matchup
PvZ
Opening
Pool First
Spawn Locations
Cross Positions
Add a new tag
Caveats
  • Supply blocks, unpowered buildings, or Contaminate may cause inaccurate times.
  • Supply counts are checked every 10 seconds.